 Dungeon Crawl Stone Soup version 0.16.0-17-g811c1d7 (webtiles) character file.

72 MDvedh the Chucker (level 4, -10/23 HPs)
             Began as a Vine Stalker Hunter on Mar 22, 2015.
             Was an Initiate of Dithmenos.
             Killed by nerve-wracking pain
             ... invoked by Grinder
              (13 damage)
             ... on level 3 of the Dungeon.
             The game lasted 00:03:01 (1509 turns).

MDvedh the Chucker (Vine Stalker Hunter)            Turns: 1509, Time: 00:03:01

Health: -10/23     AC:  4    Str: 14    XL:     4   Next: 26%
Magic:  0/5        EV: 12    Int: 11    God:    Dithmenos [......]
Gold:   59         SH:  0    Dex: 16    Spells: 0 memorised, 3 levels left

rFire  . . .     SeeInvis .     a - +0 short sword
rCold  . . .     Clarity  .     d - +0 leather armour
rNeg   . . .     SustAb   .     (no shield)
rPois  .         Gourm    .     g - +0 helmet
rElec  .         Spirit   +     (no cloak)
rCorr  .         Warding  .     (no gloves)
rMut   .         Stasis   .     (no boots)
MR     .....                    (no amulet)
Stlth  ++........               (no ring)
                                (no ring)

@: not resistant to hostile enchantments, unstealthy
A: fangs 2, regeneration 1, magic shield, antimagic bite, no device heal 3, rot
immunity
a: Renounce Religion


You were on level 3 of the Dungeon.
You worshipped Dithmenos.
Dithmenos was noncommittal.
You were not hungry.

You visited 1 branch of the dungeon, and saw 3 of its levels.

You collected 59 gold pieces.

Inventory:

Hand weapons
 a - a +0 short sword (weapon)
Missiles
 b - 9 javelins (quivered)
 c - 2 throwing nets
Armour
 d - a +0 leather armour (worn)
 g - a +0 helmet (worn)
Jewellery
 i - an uncursed ring of protection from cold {unknown}
 n - a cursed ring of loudness {unknown}
Scrolls
 k - a scroll of remove curse {unknown}
 m - a scroll of fog {unknown}
 o - 3 scrolls of identify {unknown}
 r - a scroll of magic mapping {unknown}
 s - a scroll of recharging {unknown}
Potions
 e - a potion of brilliance {unknown}
 h - a potion of degeneration {unknown}
 l - 2 potions of curing {unknown}
Comestibles
 f - 2 bread rations
 j - 2 fruits
 p - 2 meat rations
 q - a beef jerky


   Skills:
 - Level 1.7 Fighting
 + Level 3.3 Short Blades
 - Level 3.6 Throwing
 - Level 1.5 Dodging
 - Level 1.2 Stealth


You had 3 spell levels left.
You didn't know any spells.

Dungeon Overview and Level Annotations

Branches:
Dungeon (3/15)

Altars:
Dithmenos
Gozag

Annotations:
D:3 Grinder


Innate Abilities, Weirdness & Mutations

You have extremely sharp teeth.
Your natural rate of healing is unusually fast.
When hurt, damage is shared between your health and your magic reserves.
Your bite disrupts and absorbs the magic of your enemies.
Potions and wands cannot restore your health.
You are immune to rotting.


Message History

Grinder is moderately wounded.
The giant gecko bites you but does no damage.
Grinder closely misses you.
You hit Grinder.
Grinder is heavily wounded.
The giant gecko barely misses you. Grinder hits you but does no damage.
You hit Grinder.
Grinder is heavily wounded.
The giant gecko closely misses you. Grinder hits you!
* * * LOW HITPOINT WARNING * * *
You writhe in agony.
* * * LOW HITPOINT WARNING * * *
The giant gecko bites you.
You hit Grinder. You bite Grinder, but do no damage.
Grinder is heavily wounded.
The giant gecko barely misses you. Grinder gestures at you.
Pain shoots through your body!
Ouch! That really hurt!
You die...

. ... ..# #.. ..
.5. #.. .# ..# #..
##.# #[## #.. #..#
#.. #.# #†# #.# #.#
#.#####.##
#.####.....(..#
#..l@5((....(.#
#.##########.......
#.# #..####
#.##########..#
#.............#
#.###########.# #.#
.# #.###########.##
#..........<...#


You could see Grinder and a giant gecko.

Vanquished Creatures
  2 adders (D:2)
  2 worms (D:2)
  2 oozes (D:1)
  An orc (D:3)
  5 bats
  4 giant cockroaches
  4 hobgoblins
  2 quokkas (D:2)
  6 goblins
  6 kobolds
  7 rats
41 creatures vanquished.

Notes
Turn   | Place    | Note
--------------------------------------------------------------
     0 | D:1      | MDvedh, the Vine Stalker Hunter, began the quest for the Orb.
     0 | D:1      | Reached XP level 1. HP: 11/11 MP: 1/1
    90 | D:1      | Reached skill level 1 in Short Blades
   137 | D:1      | Reached XP level 2. HP: 13/15 MP: 3/3
   667 | D:2      | Reached XP level 3. HP: 18/18 MP: 4/4
   670 | D:2      | Found an opulent altar of Gozag.
  1026 | D:2      | Found a shadowy altar of Dithmenos.
  1065 | D:2      | Became a worshipper of Dithmenos the Shadowed
  1075 | D:2      | Reached XP level 4. HP: 23/23 MP: 5/5
  1491 | D:3      | Noticed Grinder
  1509 | D:3      | Killed from afar by Grinder

Action                   |  1- 3 |  4- 6 || total
-------------------------+-------+-------++-------
Melee: Short sword       |    79 |    10 ||    89
Throw: Javelin           |    17 |    11 ||    28
 Stab: Sleeping          |     2 |       ||     2
  Eat: Fruit             |       |     1 ||     1
       Chunk             |       |     1 ||     1
